Map: Blackburn LE

Players

IdrasLeftNut - Winner!

  • Race: Terran Terran
  • League: Master
  • Spawn Location: 5:00

Warthog

  • Race: Terran Terran
  • League: Master
  • Spawn Location: 7:00

VOD

Have the link to the VOD?

Description

Time

  • Played on: Jan. 12, 2022, 12:03 a.m.
  • Length: 11:31
Show
View Real Time Build Order
Export as new Build Order

IdrasLeftNut Terran - Winner!

Build Orders: Reaper Expand 

Get SALT Encoding   

  12  0:00  SCV  
  13  0:12  SCV  
  14  0:17  Supply Depot  
  14  0:24  SCV  
  15  0:39  SCV  
  15  0:41  Barracks  
  16  0:44  Refinery  
  16  0:51  SCV  
  17  1:03  SCV  
  18  1:15  SCV  
  19  1:27  Orbital Command  
  19  1:29  Reaper  
  20  1:43  Command Center  
  20  1:53  SCV  
  21  1:59  Supply Depot  
  21  2:01  Marine  
  21  2:05  SCV  
  23  2:10  Factory  
  23  2:15  Refinery  
  23  2:20  SCV  
  24  2:23  Marine  
  24  2:32  SCV  
  26  2:45  SCV  
  26  2:46  Bunker  
  27  2:57  SCV, Factory Tech Lab  
  28  2:58  Starport  
  28  3:05  Refinery  
  28  3:06  Orbital Command  
  28  3:11  SCV  
  29  3:14  Barracks Reactor  
  29  3:19  Widow Mine  
  30  3:24  SCV  
  30  3:34  SCV  
  30  3:36  SCV  
  30  3:41  Starport Tech Lab  
  32  3:43  Siege Tank  
  32  3:46  SCV  
  32  3:48  SCV  
  37  3:52  Marine x2  
  39  3:58  SCV  
  39  4:00  Raven  
  39  4:01  SCV  
  43  4:04  Supply Depot  
  43  4:13  SCV, Marine  
  43  4:14  SCV  
  46  4:20  Supply Depot  
  46  4:25  Siege Tank, Marine  
  46  4:26  SCV x2  
  46  4:28  Supply Depot  
  52  4:32  Marine  
  52  4:38  SCV  
  54  4:42  SCV  
  54  4:43  Marine  
  54  4:44  Raven  
  58  4:50  Marine  
  57  4:53  SCV  
  57  4:58  Siege Tank  
  57  4:59  Command Center  
  61  5:01  Marine  
  63  5:07  SCV x2  
  63  5:08  Marine  
  63  5:11  Supply Depot  
  63  5:12  Refinery  
  65  5:20  SCV  
  66  5:33  SCV  
  67  5:37  Barracks  
  67  5:38  Barracks  
  67  5:41  Viking x2  
  71  5:43  Stimpack  
  71  5:44  Siege Tank, Marine  
  71  5:49  SCV x2  
  77  5:50  Supply Depot  
  77  6:03  Supply Depot x2  
  77  6:05  Engineering Bay  
  77  6:07  Engineering Bay  
  77  6:10  SCV x2  
  79  6:11  Viking  
  79  6:12  Viking  
  83  6:18  Orbital Command  
  83  6:20  Marine  
  83  6:25  Barracks Reactor x2  
  84  6:27  Siege Tank  
  84  6:31  SCV x2  
  89  6:35  Terran Infantry Weapons Level 1  
  89  6:39  Terran Infantry Armor Level 1  
  89  6:43  Supply Depot, SCV, Marine  
  89  6:45  Orbital Command  
  91  6:48  Viking  
  93  7:01  Siege Tank, Marine  
  94  7:02  Marine x4  
  94  7:06  SCV x2  
  103  7:11  SCV  
  103  7:18  SCV, Marine  
  104  7:23  Marine x2  
  104  7:24  Marine x2  
  104  7:27  SCV  
  104  7:28  SCV  
  104  7:37  Marine  
  104  7:40  Siege Tank  
  104  7:41  Medivac x2, Marine x3  
  104  7:42  Marine  
  116  7:46  Barracks x2, SCV  
  117  7:52  SCV x2  
  117  7:55  Supply Depot x2  
  117  7:56  Armory  
  119  7:59  SCV  
  119  8:00  Marine x2  
  119  8:04  SCV  
  123  8:08  SCV  
  123  8:09  Marine  
  125  8:15  Marine  
  125  8:16  SCV x2, Marine  
  125  8:17  Combat Shield  
  125  8:18  Marine x2  
  127  8:20  SCV  
  127  8:26  Marine  
  128  8:28  SCV, Medivac x2, Siege Tank  
  128  8:32  Marine  
  128  8:34  Marine  
  135  8:35  Marine  
  135  8:38  SCV x2  
  135  8:41  Refinery x2  
  137  8:44  Barracks Reactor  
  137  8:45  Barracks Reactor  
  137  8:46  Missile Turret  
  137  8:48  Missile Turret  
  137  8:49  SCV, Missile Turret  
  137  8:50  SCV x2  
  137  8:54  Marine x5  
  145  9:01  SCV  
  145  9:02  Siege Tank  
  149  9:10  SCV x2  
  149  9:11  Marine x2  
  149  9:12  Marine x2  
  149  9:14  Marine  
  156  9:25  Medivac x2  
  156  9:29  Marine x2  
  156  9:30  Marine x3  
  141  9:34  Marine x4  
  141  9:36  Siege Tank  
  137  9:47  Marine x4  
  122  9:54  Marine x3  
  122  9:57  Marine x2  
  119  10:01  Medivac x2  
  119  10:05  Marine x4  
  127  10:12  Marine x3  
  127  10:13  Command Center  
  130  10:16  Marine x2  
  130  10:17  Siege Tank  
  130  10:18  SCV  
  136  10:23  Marine x3  
  136  10:24  Marine  
  140  10:30  Marine x2  
  142  10:35  Marine  
  142  10:36  Marine x2  
  142  10:42  Orbital Command  
  142  10:46  Marine x4  
  145  10:56  SCV x2  
  146  11:00  Marine x2  
Show
View Real Time Build Order
Export as new Build Order

Warthog Terran 

Build Orders: Cyclone Opening 

Get SALT Encoding   

  12  0:00  SCV  
  13  0:12  SCV  
  14  0:17  Supply Depot  
  14  0:24  SCV  
  15  0:38  SCV  
  15  0:39  Barracks  
  16  0:44  Refinery  
  16  0:51  SCV  
  16  0:53  Refinery  
  17  1:03  SCV  
  18  1:15  SCV  
  19  1:26  Reaper  
  19  1:27  Orbital Command  
  20  1:41  Factory  
  20  1:48  Supply Depot  
  20  1:53  SCV  
  21  1:58  Reaper  
  22  2:05  SCV  
  23  2:17  SCV  
  24  2:29  SCV  
  24  2:30  Command Center, Factory Tech Lab  
  24  2:32  Barracks Reactor  
  24  2:41  SCV  
  24  2:43  Barracks  
  25  2:50  Cyclone  
  28  2:57  SCV  
  28  3:06  Supply Depot  
  28  3:09  SCV  
  29  3:16  Starport  
  29  3:19  Marine x2  
  31  3:28  SCV  
  31  3:29  Cyclone  
  34  3:37  Barracks Tech Lab  
  34  3:40  SCV  
  35  3:41  Orbital Command  
  35  3:49  Marine  
  35  3:50  Marine  
  35  3:53  Starport Reactor  
  35  3:54  SCV  
  38  3:58  Marine  
  39  4:07  Marine x2  
  39  4:08  Stimpack  
  38  4:15  SCV x2  
  40  4:18  Supply Depot, Marine  
  41  4:25  Marine x2  
  41  4:27  SCV  
  41  4:30  Barracks  
  44  4:36  SCV  
  45  4:39  SCV  
  46  4:46  Medivac x2, Marine x2  
  46  4:47  Marine  
  52  4:53  SCV x2  
  52  4:57  Supply Depot  
  54  5:03  Siege Tank  
  54  5:04  Marine  
  54  5:05  SCV x2  
  60  5:17  SCV x2  
  60  5:19  Marine  
  64  5:23  Marine  
  64  5:29  SCV, Command Center  
  64  5:30  Starport Reactor  
  64  5:31  SCV  
  64  5:33  Refinery x2  
  64  5:34  Marine  
  64  5:35  Marine  
  68  5:39  Marine x2  
  70  5:57  SCV  
  70  5:58  SCV  
  70  6:10  Engineering Bay x2  
  70  6:12  Supply Depot  
  70  6:13  SCV x2, Combat Shield, Marine x3, Siege Tank  
  78  6:34  Barracks x2, Marine x3, SCV  
  78  6:35  Supply Depot  
  78  6:36  Supply Depot  
  78  6:37  SCV  
  83  6:41  Orbital Command  
  83  6:46  SCV  
  84  6:48  Terran Infantry Weapons Level 1  
  84  6:49  SCV  
  84  6:50  Terran Infantry Armor Level 1  
  85  6:58  SCV  
  86  7:03  SCV  
  86  7:04  Marine  
  87  7:10  SCV x2  
  87  7:15  SCV  
  85  7:17  Marine x2  
  85  7:18  Siege Tank  
  90  7:26  Marine x2  
  90  7:27  Medivac, Marine  
  95  7:35  SCV x2, Marine  
  95  7:36  SCV  
  99  7:37  Marine  
  99  7:38  Barracks Reactor x2, Refinery x2  
  99  7:43  Medivac  
  99  7:44  Marine x2  
  99  7:45  Marine  
  99  7:47  SCV  
  99  7:48  Armory  
  99  7:50  Siege Tank  
  106  7:53  Marine  
  106  7:55  Marine  
  106  7:57  Medivac  
  110  8:01  SCV x3  
  110  8:02  Marine x2  
  110  8:04  Command Center  
  115  8:11  Marine x2  
  117  8:19  SCV  
  117  8:29  Medivac, Marine x4  
  117  8:30  Supply Depot x2, SCV x2  
  117  8:31  Marine x3  
  124  8:35  Siege Tank  
  124  8:36  Marine x2  
  124  8:37  SCV  
  125  8:48  Factory  
  125  8:49  Refinery x2  
  125  8:51  SCV x3, Medivac, Marine x4  
  134  8:56  Marine x5  
  134  9:01  Supply Depot  
  134  9:02  Supply Depot  
  139  9:03  SCV  
  139  9:07  Siege Tank  
  139  9:09  Terran Infantry Armor Level 2, Terran Infantry Weapons Level 2, Marine x4  
  144  9:17  Medivac  
  144  9:21  Marine  
  146  9:27  Marine x2  
  146  9:29  Medivac  
  131  9:32  Marine  
  131  9:33  Marine x2  
  131  9:34  Marine x3  
  131  9:36  Factory Tech Lab  
  115  9:39  Siege Tank  
  115  9:43  Marine  
  115  9:45  Marine  
  112  9:51  Marine x2  
  86  9:57  Medivac, Siege Tank, Marine x2  
  84  10:07  Marine x2  
  84  10:11  Siege Tank, Marine x5  
  94  10:15  Marine x2  
  96  10:25  Marine x2  
  95  10:28  Medivac  
  95  10:30  Siege Tank  
  95  10:34  Marine x4  
  100  10:36  Marine x3  
  103  10:43  Siege Tank, Marine x2  
  108  10:51  Marine  
  108  10:52  Marine  
  108  10:54  Marine x3  
  108  10:57  Marine x2  
  109  11:00  Marine  
  109  11:01  Marine  
  114  11:04  Orbital Command  
  114  11:06  SCV  
Tags
 
Add a new tag
Caveats
  • Supply blocks, unpowered buildings, or Contaminate may cause inaccurate times.
  • Supply counts are checked every 10 seconds.